 Dungeon Crawl Stone Soup version 0.29-a0-352-g0917bc69df (webtiles) character file.

Game seed: 17785111005269411576

322 Zirex the Vexing (level 6, -9/42 HPs)
             Began as a Spriggan Enchanter on Apr 23, 2022.
             Mangled by Menkaure (11 damage)
             ... on level 4 of the Dungeon.
             The game lasted 00:09:30 (3952 turns).

Zirex the Vexing (Spriggan Enchanter)               Turns: 3952, Time: 00:09:31

Health: -9/42      AC: 23    Str:  4 (6)  XL:     6   Next: 22%
Magic:  8/14       EV:  4    Int: 18 (19) God:
Gold:   153        SH:  0    Dex: 12 (15) Spells: 5/16 levels left

rFire   . . .      SeeInvis +   a - +4 dagger
rCold   . . .      Faith    .   (no shield)
rNeg    . . .      Spirit   .   (body armour currently unavailable)
rPois   +          Reflect  .   (helmet currently unavailable)
rElec   .          Harm     .   (cloak currently unavailable)
rCorr   .          Rampage  .   (gloves unavailable)
Will    +....      NoTele   +   (boots unavailable)
Stlth   +++.......              g - amulet of the acrobat
HPRegen 0.14/turn               (no ring)
MPRegen 0.14/turn               (no ring)

@: brilliant, tree-form, invisible
A: stationary, stasis, torment immunity, boosted hp, very small, no large
weapons, unfitting armour, see invisible, (speed 3), clever 1, low MP 1
a: no special abilities


You were on level 4 of the Dungeon.
You were a tree.
You visited 1 branch of the dungeon, and saw 4 of its levels.

You collected 153 gold pieces.

Inventory:

Hand Weapons
 a - a +4 dagger (weapon)
Missiles
 h - 8 poisoned darts (quivered)
Armour
 b - a +1 robe (melded)
Jewellery
 g - an amulet of the acrobat (around neck)
Scrolls
 i - a scroll of blinking
Potions
 c - a potion of invisibility
 d - a potion of flight
 e - 2 potions of lignification
 f - a potion of degeneration


   Skills:
 - Level 1.1 Short Blades
 - Level 2.6 Dodging
 + Level 5.5 Stealth
 + Level 5.7 Spellcasting
 + Level 6.2 Hexes


You had 5 spell levels left.
You knew the following spells:

 Your Spells              Type           Power      Damage    Failure   Level
a - Ensorcelled Hibernat  Hex/Ice        48%        N/A       5%          2
b - Tukima's Dance        Hex            41%        N/A       2%          3
c - Dazzling Flash        Conj/Hex       48%        N/A       11%         3
d - Confusing Touch       Hex            41%        N/A       2%          3

Your spell library contained the following spells:

 Spells                   Type           Power      Damage    Failure   Level
 Animate Skeleton         Necr           14%        N/A       12%         1
 Freeze                   Ice            28%        1d5       12%         1
 Pain                     Necr           28%        1d5       12%         1
 Sting                    Tmut/Pois      28%        1d4       12%         1
 Poisonous Vapours        Pois/Air       14%        N/A       19%         2
 Frozen Ramparts          Ice            14%        1d3       36%         3
 Vampiric Draining        Necr           7%         2d6       36%         3
 Hailstorm                Conj/Ice       7%         3d4       77%         4
 Olgreb's Toxic Radiance  Pois           7%         N/A       77%         4


Dungeon Overview and Level Annotations

Branches:
Dungeon (4/15)
 Temple: D:4-7

Altars:

Annotations:
D:4 Menkaure


Innate Abilities, Weirdness & Mutations

You are a tree.
Your roots penetrate the ground, keeping you stationary.
You cannot be teleported.
You are immune to unholy pain and torment.
Your maximum health is greatly increased.
Your equipment is partially melded.
You are very small and have problems with some larger weapons.
You are too small for most types of armour.
You have supernaturally acute eyesight. (SInv)
((You cover ground extremely quickly. (Speed+++)))
Your mind is acute. (Int +2)
Your magical capacity is low. (-10% MP)


Message History

It was a potion of lignification.
You turn into a tree.
Your +1 robe melds into your body.
Your roots penetrate the ground.
Menkaure hits you but does no damage.
Unknown command.
You hit Menkaure but do no damage.
Menkaure appears confused.
Menkaure hits the iguana.
A hobgoblin comes into view.
The hobgoblin shouts!
You hit Menkaure.
Menkaure is lightly damaged.
You hear a shout!
You hear a bark!
Menkaure hits you but does no damage.
You hit Menkaure but do no damage.
Menkaure is lightly damaged.
Menkaure wonders, "What am I doing in here?"
Menkaure hits the iguana!!
The iguana is killed!
You completely miss Menkaure.
Menkaure is lightly damaged.
Menkaure hits you but does no damage.
You hit Menkaure.
Menkaure is moderately damaged.
Menkaure hits you!
* * * LOW HITPOINT WARNING * * *
Unknown command.
It was a potion of degeneration.
There was something very wrong with that liquid.
You feel weakened.
You feel dopey.
You feel clumsy.
A gnoll comes into view. It is wielding a +0 spear.
Menkaure grins madly.
Menkaure hits you.
* * * LOW HITPOINT WARNING * * *
Menkaure hits himself!
Unknown command.
Unknown command.
It was a potion of brilliance.
You feel clever all of a sudden.
You fade into invisibility!
Menkaure hits you!
You die...

#<.........#
####.#.###.#
#..#.# #.#
#.##.# #.#
#.##.# #.#
#.##.# #.#
#.##.# #.#
#.##.#
#.####.#.#
#.##.#
#..♣Mgh..#
#.#
######g###
#..


You could see Menkaure (fast, confused), a gnoll (can't see you), a jackal
(can't see you) and a hobgoblin (can't see you).

Vanquished Creatures
  A scorpion (D:3)
  A necrophage (D:2)
  An orc priest (D:3)
  Jessica (D:3)
  2 iguanas
  An orc wizard (D:3)
  An adder (D:3)
  2 worms (D:3)
  9 orcs (D:3)
  2 ball pythons (D:2)
  6 bats
  4 endoplasms
  2 giant cockroaches
  4 goblins
  2 quokkas (D:1)
  2 frilled lizards
  4 kobolds
  7 rats
52 creatures vanquished.

Vanquished Creatures (others)
  10 plants (D:3)
10 creatures vanquished.

Grand Total: 62 creatures vanquished

Notes
Turn   | Place    | Note
-------+----------+-------------------------------------------
     0 | D:1      | Zirex the Spriggan Enchanter began the quest for the Orb.
     0 | D:1      | Reached XP level 1. HP: 9/9 MP: 5/5
   547 | D:1      | Reached skill level 4 in Hexes
   547 | D:1      | Reached XP level 2. HP: 13/13 MP: 7/7
   550 | D:1      | Learned a level 2 spell: Ensorcelled Hibernation
  1828 | D:2      | Noticed a necrophage
  1866 | D:3      | Reached XP level 3. HP: 16/16 MP: 9/9
  1870 | D:3      | Learned a level 3 spell: Tukima's Dance
  1874 | D:3      | Learned a level 3 spell: Confusing Touch
  2277 | D:2      | Killed a necrophage
  2278 | D:2      | Reached skill level 5 in Hexes
  2278 | D:2      | Reached XP level 4. HP: 12/21 MP: 7/11
  2471 | D:2      | Gained mutation: Your mind is acute. (Int +2) [potion of
                  | mutation]
  2471 | D:2      | Gained mutation: Your magical capacity is low. (-10% MP)
                  | [potion of mutation]
  2832 | D:2      | Found a faded altar of an unknown god.
  3077 | D:3      | Learned a level 3 spell: Dazzling Flash
  3234 | D:3      | Noticed a scorpion
  3235 | D:3      | Reached skill level 5 in Spellcasting
  3235 | D:3      | Reached XP level 5. HP: 24/24 MP: 9/12
  3347 | D:3      | Reached skill level 5 in Stealth
  3347 | D:3      | Reached skill level 6 in Hexes
  3476 | D:3      | Reached XP level 6. HP: 24/28 MP: 4/13
  3877 | D:3      | Noticed Jessica
  3878 | D:3      | Killed Jessica
  3933 | D:4      | Noticed Menkaure
  3950 | D:4      | HP: 2/42 [Menkaure (6)]
  3952 | D:4      | Mangled by Menkaure

Illustrated notes

Levels and vault maps discovered:
D:1:      matt_arrival_spirals, layout_loops_ring
D:2:      layout_loops_ring, hellmonk_ecumenical_altar_pennies_from_heaven,
          grunt_decor_mini_mirrors
D:3:      layout_loops_ring, minmay_misc_feat_plants, serial_bayou_pond_c,
          uniq_jessica
D:4:      layout_basic, minmay_temple_entry_poolview, uniq_menkaure

Skill      XL: |  1  2  3  4  5 |
---------------+----------------+-----
Spellcasting   | 3 4 5 |  5.7
Hexes          | 4 5 6 |  6.2
Stealth        | 5 |  5.5
Short Blades   | |  1.1
Dodging        | |  2.6

Action                   |  1- 3 |  4- 6 || total
-------------------------+-------+-------++-------
Melee: Dagger            |    73 |    54 ||   127
       Punch             |     2 |       ||     2
 Cast: Ensorcelled Hiber |     6 |    19 ||    25
       Confusing Touch   |     2 |     1 ||     3
  Use: Scroll            |     5 |     4 ||     9
       Potion            |     1 |     5 ||     6
 Stab: Sleeping          |     8 |    19 ||    27
       Invisible         |     1 |       ||     1
       Distracted        |       |     2 ||     2
Armor: Robe              |    11 |     1 ||    12
       Skin              |       |     3 ||     3
Dodge: Dodged            |    39 |    15 ||    54

Table legend: (Time is in decaauts)
 A = Elapsed time spent in this place.
 B = Non-inter-level travel time spent in this place.
 C = Inter-level travel time spent in this place.
 D = Time resting spent in this place.
 E = Time spent auto-exploring this place.
 F = Levels seen in this place.
 G = Mean time per level.
                   A        B        C        D        E       F      G
               +--------+--------+--------+--------+--------+-----+--------+
         Total |   2986 |   2890 |     96 |    309 |   2182 |   4 |  746.5 |
       Dungeon |   2986 |   2890 |     96 |    309 |   2182 |   4 |  746.5 |
               +--------+--------+--------+--------+--------+-----+--------+

Top non-repeatable levels by time:
     D:2: 1315 daAuts
     D:1: 929 daAuts
     D:3: 711 daAuts
     D:4: 30 daAuts
